Match 42695237
Unlisted

Match 42695237
End
Construct Infanterie Kompanie
Selects Mechanized Battlegroup
Grenadier Squad
Grenadier Squad
MG 42 Machine Gun Team
Grenadier Squad
Construct Panzergrenadier Kompanie
Panzergrenadier Squad
Selects Raid Package
251 Medium Carrier
Pak 40 Anti-tank Gun Team
Panzergrenadier Squad
Construct Panzer Kompanie
Selects 8 Rad Armored Car
Selects UNKNOWN (2160084)
Pak 40 Anti-tank Gun Team
Stoßtruppen Squad
Selects Spotting Scopes
Selects Wespe Self-propelled Artillery
Wespe Self-propelled Artillery
Selects Zeroing Artillery Barrage
Panther Heavy Tank
AI Takeover
Trash Panda
Yukon Cornelius
savage uncaged
PanzerFoster
Bia Bia Bia
BERKSHIRE10
JVM
.k boy
0
0

Comments sign in to comment!

No comments posted yet!